Map: Chantier naval orbital

Players

NukeLar

  • Race: Protoss Protoss
  • League: Diamond

Worming - Winner!

  • Race: Zerg Zerg
  • League: Diamond

VOD

Have the link to the VOD?

Description

Time

  • Played on: Nov. 23, 2015, 1:45 p.m.
  • Length: 8:53
Show
View Real Time Build Order
Export as new Build Order

NukeLar Protoss 

Build Orders:  

Get SALT Encoding   

  12  0:02  Probe (Chrono Boost)  
  13  0:17  Pylon  
  13  0:19  Probe (Chrono Boost)  
  14  0:30  Probe (Chrono Boost)  
  15  0:41  Probe (Chrono Boost)  
  16  0:44  Gateway  
  16  0:51  Probe (Chrono Boost)  
  17  1:02  Probe (Chrono Boost), Assimilator  
  18  1:12  Probe (Chrono Boost)  
  18  1:14  Assimilator  
  19  1:23  Probe (Chrono Boost)  
  20  1:32  Cybernetics Core  
  20  1:36  Probe (Chrono Boost)  
  21  1:46  Probe (Chrono Boost)  
  22  1:54  Nexus  
  22  1:57  Probe (Chrono Boost)  
  23  2:07  Pylon  
  23  2:22  Warp Gate (Chrono Boost)  
  23  2:25  Mothership Core (Chrono Boost), Robotics Facility  
  25  2:44  Gateway  
  25  2:46  Probe  
  25  2:50  Zealot (Chrono Boost)  
  28  2:59  Probe  
  29  3:07  Probe  
  30  3:17  Probe  
  30  3:18  Probe  
  30  3:19  Warp Prism (Chrono Boost)  
  34  3:21  Sentry  
  36  3:29  Probe  
  36  3:30  Probe  
  36  3:32  Sentry  
  40  3:43  Gateway  
  40  3:45  Gateway  
  40  3:48  Pylon  
  40  3:49  Probe (Chrono Boost)  
  40  3:53  Probe (Chrono Boost)  
  42  4:13  Probe x2 (Chrono Boost)  
  44  4:21  Gateway  
  44  4:22  Gateway  
  44  4:23  Zealot  
  48  4:24  Probe x2 (Chrono Boost)  
  48  4:27  Zealot  
  50  4:34  Probe (Chrono Boost)  
  50  4:35  Probe (Chrono Boost)  
  52  4:46  Gateway  
  52  4:47  Gateway  
  52  4:51  Pylon x2  
  52  4:53  Pylon  
  52  5:10  Adept x2  
  52  5:11  Adept x2  
  52  5:13  Probe x2 (Chrono Boost)  
  62  5:31  Zealot x3  
  62  5:32  Zealot x3  
  72  5:54  Stalker x3  
  74  6:04  Stalker  
  74  6:05  Stalker  
  76  6:13  Stalker x2  
  76  6:14  Stalker  
  72  6:25  Stalker x4  
  66  6:26  Stalker  
  60  6:43  Zealot  
  60  6:44  Zealot x2  
  52  6:48  Probe (Chrono Boost)  
  52  6:49  Probe (Chrono Boost)  
  52  6:50  Immortal  
  58  6:59  Probe (Chrono Boost), Stalker  
  61  7:16  Stalker x3  
  61  7:17  Stalker x3  
  61  7:19  Stalker  
  71  7:28  Stalker  
  71  7:29  Immortal (Chrono Boost)  
  65  7:41  Probe  
  65  7:43  Probe, Assimilator  
  67  7:47  Assimilator  
  71  8:06  Immortal (Chrono Boost)  
  69  8:18  Probe  
  70  8:21  Stalker  
  70  8:22  Stalker x2  
  70  8:23  Zealot  
  70  8:25  Pylon  
  78  8:27  Pylon  
  78  8:29  Pylon  
  78  8:30  Pylon  
Show
View Real Time Build Order
Export as new Build Order

Worming Zerg - Winner!

Build Orders: Hatch First 

Get SALT Encoding   

  12  0:01  Drone  
  13  0:08  Drone  
  14  0:20  Drone, Extractor  
  14  0:21  Drone, Extractor  
  16  0:43  Hatchery  
  15  0:56  Spawning Pool  
  14  1:07  Overlord  
  14  1:10  Drone, Extractor  
  14  1:14  Extractor  
  14  1:15  Drone  
  15  1:30  Drone  
  15  1:31  Drone  
  17  1:47  Queen  
  17  1:48  Zergling x2  
  17  1:52  Overlord  
  20  1:56  Drone  
  21  2:01  Queen  
  21  2:05  Drone  
  24  2:09  Drone  
  25  2:16  Metabolic Boost  
  25  2:21  Drone  
  26  2:23  Drone  
  27  2:34  Drone x3  
  30  2:38  Overlord  
  30  2:50  Overlord  
  30  2:55  Queen  
  31  3:07  Roach Warren  
  31  3:09  Extractor  
  31  3:10  Drone  
  31  3:11  Drone x3  
  33  3:17  Zergling x2  
  34  3:26  Drone x2  
  36  3:27  Drone  
  36  3:30  Drone  
  36  3:31  Drone  
  36  3:33  Spine Crawler  
  38  3:44  Drone x4  
  38  3:45  Drone  
  43  3:49  Overlord  
  43  3:57  Roach x2  
  47  4:11  Lair, Extractor  
  47  4:16  Extractor  
  45  4:24  Drone x3  
  45  4:28  Hatchery  
  47  4:35  Roach x4  
  55  4:43  Drone x3  
  58  4:46  Overlord  
  58  4:57  Overlord  
  58  5:01  Drone  
  58  5:02  Overlord  
  58  5:03  Overlord  
  59  5:09  Glial Reconstitution  
  59  5:13  Drone x3  
  59  5:14  Overlord  
  62  5:15  Drone x2  
  64  5:27  Roach x4  
  72  5:40  Roach  
  72  5:41  Roach x3  
  78  5:48  Roach x3  
  79  6:04  Roach  
  79  6:05  Roach x3  
  85  6:18  Roach x2  
  80  6:28  Roach x6  
  88  6:37  Queen x2  
  86  6:54  Spire  
  85  7:01  Hatchery  
  84  7:19  Queen  
  84  7:21  Queen  
  80  7:32  Overlord x2  
  80  7:33  Roach x4  
  81  7:52  Overlord  
  81  7:55  Queen  
  83  8:12  Mutalisk x8  
  85  8:16  Zergling x2  
  100  8:28  Mutalisk  
  100  8:31  Overlord  
Tags
 
Add a new tag
Caveats
  • Supply blocks, unpowered buildings, or Contaminate may cause inaccurate times.
  • Supply counts are checked every 10 seconds.